 Dungeon Crawl Stone Soup version 0.30-a0-739-gea05faddec (webtiles) character file.

Game seed: 4598596317802968006

90 avis the Shooter (level 4, 0/36 HPs)
             Began as a Demigod Hunter on Feb 5, 2023.
             Slain by a kobold
             ... wielding a +0 whip
              (1 damage)
             ... in a sewer.
             The game lasted 00:10:34 (1629 turns).

avis the Shooter (Demigod Hunter)                   Turns: 1629, Time: 00:10:34

Health: 0/36       AC:  4    Str: 12    XL:     4   Next: 11%
Magic:  6/6        EV: 12    Int: 11    God:
Gold:   117        SH:  0    Dex: 21    Spells: 3/3 levels left

rFire   . . .      SeeInvis .    b - +0 shortbow
rCold   . . .      Faith    .    (shield currently unavailable)
rNeg    . . .      Spirit   .    c - +0 leather armour
rPois   .          Reflect  .    (no helmet)
rElec   .          Harm     .    (no cloak)
rCorr   .          Rampage  .    (no gloves)
Will    .....                    i - +0 pair of boots
Stlth   ++                       (no amulet)
HPRegen 0.26/turn                (no ring)
MPRegen 0.10/turn                (no ring)

@: no status effects
A: high MP 1, forlorn, divine attributes
a: no special abilities


You were in a sewer.
You visited 1 branch of the dungeon, and saw 3 of its levels.
You also visited: Sewer.

You collected 117 gold pieces.

Inventory:

Hand Weapons
 a - a +0 short sword
 b - a +0 shortbow (weapon)
Armour
 c - a +0 leather armour (worn)
 i - a +0 pair of boots (worn)
 o - an orb of energy
Scrolls
 g - 2 scrolls of immolation
 j - a scroll of vulnerability {unknown}
 k - a scroll of noise {unknown}
 l - 2 scrolls of magic mapping {unknown}
 m - a scroll of teleportation {unknown}
Potions
 d - 2 potions of brilliance {unknown}
 e - a potion of attraction {unknown}
 f - a potion of heal wounds {unknown}
 h - a potion of invisibility {unknown}
 n - 4 potions of mutation {unknown}


   Skills:
 - Level 1.7 Fighting
 * Level 5.3 Ranged Weapons
 - Level 1.7 Dodging
 - Level 0.8 Stealth


You had 3 spell levels left.
You didn't know any spells.
Your spell library contained the following spells:

 Spells                   Type           Power      Damage    Failure   Level
 Ozocubu's Armour         Ice            0%         N/A       80%         3
 Ozocubu's Refrigeration  Ice            0%         4d7       100%        7


Dungeon Overview and Level Annotations

Branches:
Dungeon (3/15)              Sewer (1/1)

Shops:
D:1 [


Innate Abilities, Weirdness & Mutations

You have an increased reservoir of magic. (+10% MP)
You shall have no god before yourself.
Your divine heritage dramatically boosts your attributes as you level up.


Message History

Aim: a kobold brigand, wielding a +0 dagger and quivering poisoned darts (moderately wounded, 58% to hit)
You shoot an arrow. The arrow hits the kobold brigand.
The kobold brigand is heavily wounded.
The kobold hits you but does no damage. The kobold hits you with a +0 whip.
The kobold brigand hits you with a +0 dagger.
Fire: b) +0 shortbow
Press: ? - help, Q - select action Shift-Dir - straight line, f/p - kobold brigand
Aim: a kobold brigand, wielding a +0 dagger and quivering poisoned darts (heavily wounded, 58% to hit)
You shoot an arrow. The arrow hits the kobold brigand!
The kobold brigand is severely wounded.
The kobold hits you with a +0 whip. The kobold barely misses you.
The kobold brigand hits you but does no damage.
Fire: b) +0 shortbow
Press: ? - help, Q - select action Shift-Dir - straight line, f/p - kobold brigand
Aim: a kobold brigand, wielding a +0 dagger and quivering poisoned darts (severely wounded, 58% to hit)
You shoot an arrow.
The arrow barely misses the kobold brigand.
The kobold brigand hits you with a +0 dagger.
The kobold hits you with a +0 whip. The kobold misses you.
Fire: b) +0 shortbow
Press: ? - help, Q - select action Shift-Dir - straight line, f/p - kobold brigand
Aim: a kobold brigand, wielding a +0 dagger and quivering poisoned darts (severely wounded, 58% to hit)
You shoot an arrow.
The arrow closely misses the kobold brigand.
The kobold brigand hits you but does no damage.
The kobold hits you with a +0 whip.
* * * LOW HITPOINT WARNING * * *
The kobold misses you. The kobold hits you with a +0 club.
* * * LOW HITPOINT WARNING * * *
The kobold brigand closely misses you. The kobold closely misses you.
Fire: b) +0 shortbow
Press: ? - help, Q - select action Shift-Dir - straight line, f/p - kobold brigand
Aim: a kobold brigand, wielding a +0 dagger and quivering poisoned darts (severely wounded, 58% to hit)
You shoot an arrow.
The arrow hits the kobold brigand but does no damage.
The kobold brigand is severely wounded.
The kobold brigand hits you with a +0 dagger.
* * * LOW HITPOINT WARNING * * *
The kobold hits you with a +0 whip.
You die...

##....~≈≈≈≈#.
#.....~≈≈≈~#
##.....≈≈≈≈≈≈#
#†.†...~≈≈≈≈≈#
#.....~~≈≈≈≈≈#
#.....≈≈≈≈≈≈~.
##....≈≈≈≈≈≈~.
#....~≈≈≈≈≈≈~
#..@.~≈≈≈≈≈≈
##KKK≈≈≈≈≈≈
##'###≈≈≈≈ ...
≈≈≈≈ ..... ≈≈≈
##...## ≈≈
..... ..#.!
### ###


You could see a kobold brigand and 2 kobolds.

Vanquished Creatures
  2 river rats
  2 adders (D:2)
  2 dart slugs (D:2)
  2 endoplasms (D:1)
  4 giant cockroaches (D:1)
  6 hobgoblins
  2 quokkas (D:1)
  6 ball pythons
  5 bats
  5 frilled lizards
  6 goblins
  3 kobolds (D:1)
  3 rats
48 creatures vanquished.

Notes
Turn   | Place    | Note
-------+----------+-------------------------------------------
     0 | D:1      | avis the Demigod Hunter began the quest for the Orb.
     0 | D:1      | Reached XP level 1. HP: 17/17 MP: 3/3
    75 | D:1      | Reached skill level 4 in Ranged Weapons
    89 | D:1      | Reached XP level 2. HP: 24/24 MP: 4/4
   475 | D:1      | Found Wybrous's Armour Shop.
   627 | D:1      | Reached XP level 3. HP: 29/29 MP: 5/5
  1116 | D:2      | Reached skill level 5 in Ranged Weapons
  1579 | D:3      | Found a glowing drain.
  1588 | Sewer    | Entered a sewer
  1604 | Sewer    | Reached XP level 4. HP: 36/36 MP: 6/6
  1618 | Sewer    | Noticed a kobold brigand
  1629 | Sewer    | HP: 1/36 [kobold brigand/+0 dagger (6)]
  1629 | Sewer    | Slain by a kobold

Illustrated notes

Levels and vault maps discovered:
D:1:      lemuel_arrival_behind_the_door_small, layout_rooms, serial_shops,
          nicolae_shop_hallway_stairs
D:2:      layout_loops_cross, basic_altar, st_stairs_12
D:3:      layout_rooms, hangedman_ru_absence, portal_sewer_entry_b,
          minmay_misc_feat_diagonals
Sewer:    sewer_minmay_treatment

Skill      XL: |  1  2  3 |
---------------+----------+-----
Ranged Weapons | 4 5 |  5.3
Fighting       | |  1.7
Dodging        | |  1.7
Stealth        | |  0.8

Action                     |  1- 3 |  4- 6 || total
---------------------------+-------+-------++-------
   Fire: Shortbow          |   136 |    11 ||   147
 Armour: Leather armour    |    14 |     6 ||    20
  Dodge: Dodged            |    61 |    10 ||    71

Table legend: (Time is in decaauts)
 A = Elapsed time spent in this place.
 B = Non-inter-level travel time spent in this place.
 C = Inter-level travel time spent in this place.
 D = Time resting spent in this place.
 E = Time spent auto-exploring this place.
 F = Levels seen in this place.
 G = Mean time per level.
                   A        B        C        D        E       F      G
               +--------+--------+--------+--------+--------+-----+--------+
         Total |   1677 |   1477 |    200 |    165 |    814 |   4 |  419.2 |
       Dungeon |   1633 |   1433 |    200 |    165 |    814 |   3 |  544.3 |
         Sewer |     44 |     44 |      0 |      0 |      0 |   1 |   44.0 |
               +--------+--------+--------+--------+--------+-----+--------+

Top non-repeatable levels by time:
     D:1: 781 daAuts
     D:2: 718 daAuts
     D:3: 134 daAuts
   Sewer: 44 daAuts
